 Dungeon Crawl Stone Soup version 0.24-a0-463-g3510def (webtiles) character file.

Game seed: 6068073649643735507

349 IronicRex the Conjurer (level 6, -14/37 HPs)
             Began as an Octopode Conjurer on July 2, 2019.
             Was an Initiate of the Shining One.
             Demolished by an ogre
             ... wielding a +0 giant club
              (22 damage)
             ... on level 4 of the Dungeon.
             The game lasted 00:43:22 (4733 turns).

IronicRex the Conjurer (Octopode Conjurer)          Turns: 4733, Time: 00:43:23

Health: -14/37     AC:  1    Str:  7    XL:     6   Next: 60%
Magic:  10/10      EV: 14    Int: 17    God:    the Shining One [......]
Gold:   436        SH:  0    Dex: 15    Spells: 9/10 levels left

rFire    . . .     SeeInvis .   w - +0 hunting sling
rCold    . . .     Gourm    .   (no shield)
rNeg     . . .     Faith    .   (helmet restricted)
rPois    .         Spirit   .   a - amulet of regeneration
rElec    .         Reflect  .   q - ring of resist corrosion
rCorr    +         Harm     .   x - ring of protection from magic
MR       +....                  (no ring)
Stlth    ++........             (no ring)
HPRegen  0.52/turn              (no ring)
MPRegen  0.12/turn              (no ring)
                                (no ring)
                                (no ring)

@: glowing
A: almost no armour, stealthy swim, amphibious, 8 rings, constrict 8, camouflage
1, gelatinous body 1
a: Renounce Religion


You were on level 4 of the Dungeon.
You worshipped the Shining One.
The Shining One was noncommittal.
You were not hungry.

You visited 2 branches of the dungeon, and saw 5 of its levels.
You also visited: Ossuary.

You collected 436 gold pieces.

Inventory:

Hand Weapons
 w - a +0 hunting sling (weapon)
 D - a +0 spear
Missiles
 d - 11 poisoned darts
 e - a throwing net
 j - 5 javelins
 l - 2 sling bullets (quivered)
 n - 60 arrows
 y - a boomerang
Jewellery
 a - an amulet of regeneration (around mantle)
 f - an uncursed amulet of rage
 q - a ring of resist corrosion (left tentacle)
 t - an uncursed amulet of the gourmand
 x - a ring of protection from magic (right tentacle)
Scrolls
 g - a scroll of identify
 i - 3 scrolls of amnesia
 k - 2 scrolls of enchant weapon
 o - 4 scrolls of remove curse
 p - a scroll of magic mapping {unknown}
 r - a scroll of teleportation {unknown}
 u - 2 scrolls of fear
 A - a scroll of blinking {unknown}
 F - a scroll of immolation {unknown}
Potions
 c - 3 potions of curing
 h - a potion of might {unknown}
 m - 4 potions of agility
 s - 2 potions of brilliance {unknown}
 v - a potion of cancellation {unknown}
 z - 2 potions of mutation
 B - a potion of heal wounds {unknown}
 C - 2 potions of resistance {unknown}
 E - a potion of haste {unknown}
Comestibles
 b - 4 rations


   Skills:
 - Level 0.4 Fighting
 - Level 2.0(2.3) Slings
 + Level 1.9(2.3) Throwing
 + Level 2.7 Dodging
 * Level 4.3 Stealth
 - Level 2.6 Spellcasting
 + Level 5.7 Conjurations


You had 9 spell levels left.
You knew the following spells:

 Your Spells              Type           Power        Failure   Level  Hunger
a - Magic Dart            Conj           ###.         1%          1    #......

Your spell library contained the following spells:

 Spells                   Type           Power        Failure   Level  Hunger
 Searing Ray              Conj           ###...       2%          2    ##.....
 Dazzling Spray           Conj/Hex       ##....       17%         3    ###....
 Iskenderun's Mystic Bla  Conj           ###.....     17%         4    #####..
 Force Lance              Conj/Tloc      ##......     50%         4    #####..
 Fulminant Prism          Conj/Hex       ##........   50%         4    #####..


Dungeon Overview and Level Annotations

Branches:
Dungeon (4/15)             Temple (1/1) D:4

Altars:
Ashenzari
Cheibriados
Dithmenos
Elyvilon
Fedhas
Hepliaklqana
Kikubaaqudgha
Makhleb
Nemelex Xobeh
Okawaru
Qazlal
Ru
Sif Muna
Wu Jian
Xom
Yredelemnul
Zin
The Shining One


Innate Abilities, Weirdness & Mutations

You cannot wear most types of armour.
You are very stealthy in the water. (Stealth+)
You are amphibious.
You can wear up to eight rings at the same time.
You can use your tentacles to constrict eight enemies at once.
Your skin changes colour to match your surroundings (Stealth+).
Your rubbery body absorbs attacks. (AC +1, EV +1)


Message History

Press: ? - help, Shift-Dir - straight line, f/p - ogre
Aim: an ogre, wielding a +0 giant club (almost dead)
You shoot a sling bullet.
The sling bullet hits the ogre but does no damage.
The ogre is almost dead.
The ogre closely misses you.
Firing (i - inventory. (/) - cycle)
l - 4 sling bullets (quivered)
Press: ? - help, Shift-Dir - straight line, f/p - ogre
Aim: an ogre, wielding a +0 giant club (almost dead)
You shoot a sling bullet.
The sling bullet closely misses the ogre.
The ogre misses you.
Firing (i - inventory. (/) - cycle)
l - 3 sling bullets (quivered)
Press: ? - help, Shift-Dir - straight line, f/p - ogre
Aim: an ogre, wielding a +0 giant club (almost dead)
You shoot a sling bullet. The sling bullet hits the ogre.
The ogre is almost dead.
The ogre hits you with a +0 giant club!!
Ouch! That really hurt!
You die...

#....................<....# #..
#..##................###..# ##.
...#.............#..#.##..#
..............#......#.#
.............#.....#.#.#
.......)..........#.....
.##......................
########.................. #
####.....@..........##.... #
##...O................. ##
#..................#.. .##
##.................... ..#
###..................#.. #.##
#............>.......#.. ##.###
###.......................
##..###.(......##...............
#.(......###...........#####...


You could see an ogre.

Vanquished Creatures
  2 orc wizards (D:3)
  An iguana (D:4)
  2 worker ants (D:4)
  8 mummies (Ossuary)
  4 adders
  2 worms
  3 dart slugs (D:2)
  3 leopard geckos
  3 orcs (D:3)
  A giant cockroach (D:1)
  7 goblins
  5 hobgoblins
  11 jackals (D:2)
  7 bats
  3 frilled lizards
  A gnoll zombie (Ossuary)
  4 hobgoblin zombies (Ossuary)
  6 kobolds
  A kobold zombie (Ossuary)
  2 orc zombies (Ossuary)
  4 rats
80 creatures vanquished.

Notes
Turn   | Place    | Note
-------+----------+-------------------------------------------
     0 | D:1      | IronicRex the Octopode Conjurer began the quest for the
                  | Orb.
     0 | D:1      | Reached XP level 1. HP: 11/11 MP: 3/3
   492 | D:1      | Reached XP level 2. HP: 17/17 MP: 1/5
   975 | D:2      | Reached XP level 3. HP: 19/21 MP: 4/6
  1530 | D:2      | Reached skill level 5 in Conjurations
  1663 | D:2      | Reached XP level 4. HP: 27/27 MP: 3/7
  1766 | D:2      | Reached skill level 1 in Throwing
  2068 | D:3      | Reached XP level 5. HP: 26/31 MP: 0/8
  2213 | D:3      | Found a stormy altar of Qazlal.
  2213 | D:3      | Found an iron altar of Okawaru.
  2213 | D:3      | Found an ancient bone altar of Kikubaaqudgha.
  2381 | D:3      | Reached skill level 1 in Slings
  3004 | D:4      | Found a sand-covered staircase.
  3018 | Ossuary  | Entered an ossuary
  3376 | Ossuary  | Reached XP level 6. HP: 33/37 MP: 0/10
  3754 | D:4      | Found a staircase to the Ecumenical Temple.
  3767 | Temple   | Entered the Ecumenical Temple
  4034 | Temple   | Became a worshipper of the Shining One
  4719 | D:4      | HP: 1/37 [ogre/+0 giant club (18)]
  4733 | D:4      | Demolished by an ogre

Levels and vault maps discovered:
D:1:      minmay_arrival_four_houses, layout_basic
D:2:      layout_basic
D:3:      layout_loops_corners, gammafunk_temple_overflow_forgotten
D:4:      layout_layer_cave, kennysheep_mini,
          minmay_temple_entry_drinking_statues,
          nicolae_ossuary_entry_false_entrances, hangedman_decor_opposing,
          serial_bayou_ford_a
Temple:   eino_wide_crystal_templ

Skill      XL: |  1  2  3  4  5  6 |
---------------+-------------------+-----
Conjurations   | 5 |  5.7
Throwing       | 1 |  1.9
Stealth        | 3 4 |  4.3
Slings         | 1 2 |  2.0
Fighting       | |  0.4
Dodging        | |  2.7
Spellcasting   | |  2.6

Action                   |  1- 3 |  4- 6 || total
-------------------------+-------+-------++-------
Melee: Short sword       |    29 |    20 ||    49
       Constrict         |    12 |     6 ||    18
       Unarmed           |     4 |       ||     4
       Tentacles         |     9 |     6 ||    15
 Fire: Hunting sling     |    10 |    42 ||    52
Throw: Javelin           |     9 |    12 ||    21
       Dart              |       |    24 ||    24
       Throwing net      |       |     1 ||     1
       Boomerang         |       |     1 ||     1
 Cast: Magic Dart        |    60 |   136 ||   196
  Use: Scroll            |       |     8 ||     8
  Eat: Chunk             |     4 |     9 ||    13
       Ration            |       |     2 ||     2
Armor: Skin              |     1 |     2 ||     3
Dodge: Dodged            |    39 |    31 ||    70

Table legend:
 A = Non-vault XP
 B = Vault XP
 C = Vault XP percentage of total XP
 D = Non-vault monster count
 E = Vault monster count
 F = Vault count percentage of total count
                 A         B        C        D         E       F
            +---------+---------+-------+---------+---------+-------
      Total |     347 |     152 |  30.5 |      64 |      16 |  20.0
            +---------+---------+-------+---------+---------+-------
        D:1 |      21 |       0 |   0.0 |      15 |       0 |   0.0
        D:2 |      81 |       0 |   0.0 |      27 |       0 |   0.0
        D:3 |     115 |       0 |   0.0 |      14 |       0 |   0.0
        D:4 |     130 |       0 |   0.0 |       8 |       0 |   0.0
    Ossuary |       0 |     152 | 100.0 |       0 |      16 | 100.0
            +---------+---------+-------+---------+---------+-------
